 Dungeon Crawl Stone Soup version 0.30.1 (webtiles) character file.

Game seed: 7211391218741290090

8211 Graphine the Cleaver (level 11, 0/95 HPs)
             Began as a Hill Orc Monk on July 5, 2023.
             Was a High Priest of Makhleb.
             Slain by an orc warrior
             ... wielding a +0 glaive
              (10 damage)
             ... on level 9 of the Dungeon.
             The game lasted 00:18:11 (8819 turns).

Graphine the Cleaver (Hill Orc Monk)                Turns: 8819, Time: 00:18:11

Health: 0/95       AC: 24    Str: 19    XL:     11   Next: 27%
Magic:  19/19      EV:  7    Int: 10    God:    Makhleb [*****.]
Gold:   394        SH:  0    Dex: 13    Spells: 10/10 levels left

rFire   . . .        m - +0 war axe
rCold   . . .        d - orb {light}
rNeg    . . .        h - +2 plate armour
rPois   .            f - +0 helmet
rElec   .            w - +0 cloak
rCorr   +            r - +1 pair of gloves
SInv    .            (no boots)
Will    .....        y - amulet of faith Stlth
                     G - ring of resist corrosion
HPRegen 0.35/turn    O - +4 ring of protection
MPRegen 0.16/turn

%: faith
@: on berserk cooldown, slowed, glowing, very slow
A: no striking features
a: Renounce Religion, Minor Destruction, Lesser Servant of Makhleb, Major
Destruction, Greater Servant of Makhleb


You were on level 9 of the Dungeon.
You worshipped Makhleb.
Makhleb was extremely pleased with you.
You visited 1 branch of the dungeon, and saw 9 of its levels.

You collected 394 gold pieces.

Inventory:

Hand Weapons
 a - a +0 hand axe
 m - a +0 war axe (weapon)
 o - a +5 dagger
 C - a +0 battleaxe
 H - a +4 mace
 N - the +7 mace of Variability {chaos, chaos arc}
   (You found it on level 8 of the Dungeon)
Armour
 d - an orb of light (worn)
 f - a +0 helmet (worn)
 h - a +2 plate armour (worn)
 r - a +1 pair of gloves (worn)
 s - a +0 kite shield
 w - a +0 cloak (worn)
Magical Staves
 z - a staff of fire
Jewellery
 c - a ring of magical power
 q - a ring of wizardry
 y - an amulet of faith (around neck)
 E - a +6 ring of dexterity
 G - a ring of resist corrosion (left hand)
 I - a ring of positive energy
 O - a +4 ring of protection (right hand)
 P - a ring of fire
Wands
 t - a wand of iceblast (5)
 u - a wand of polymorph (3)
Scrolls
 g - a scroll of identify
 l - 2 scrolls of teleportation
 B - 2 scrolls of fear
 K - a scroll of blinking
Potions
 b - a potion of berserk rage
 e - 2 potions of haste
 i - a potion of lignification
 j - a potion of resistance
 k - 3 potions of flight
 n - 3 potions of magic
 x - a potion of might {unknown}
 A - a potion of attraction {unknown}
 J - a potion of cancellation {unknown}
 M - a potion of invisibility {unknown}
Miscellaneous
 p - a piece from Xom's chessboard (15/15)


   Skills:
 + Level 8.7 Fighting
 * Level 12.5 Axes
 + Level 7.1 Armour
 - Level 2.4 Dodging
 + Level 7.0 Shields
 * Level 11.7 Invocations


You had 10 spell levels left.
You didn't know any spells.
Your spell library contained the following spells:

 Spells                   Type           Power      Damage    Failure   Level
 Apportation              Tloc           0%         N/A       100%        1
 Portal Projectile        Hex/Tloc       0%         N/A       100%        3
 Tukima's Dance           Hex            0%         N/A       100%        3
 Alistair's Intoxication  Tmut/Pois      0%         N/A       100%        5
 Blade Hands              Tmut           0%         N/A       100%        5


Dungeon Overview and Level Annotations

Branches:
Dungeon (9/15)             Temple (0/1) D:7
   Lair: D:8-11         Orc: D:9-12

Altars:
Makhleb
Okawaru
Sif Muna
Trog
Vehumet
Wu Jian
Xom


Message History

The meliai is almost dead.
The meliai hits you but does no damage. The meliai barely misses you.
You slash the meliai!
You kill the meliai!
Makhleb accepts your kill.
You are no longer berserk.
You are exhausted.
You feel yourself slow down.
Items here: )) [ †.
Okay, then.
m - a +0 war axe (weapon)
You hit the boulder beetle but do no damage.
The boulder beetle barely misses you.
You hit the boulder beetle but do no damage.
The boulder beetle bites you but does no damage. x2
You hit the boulder beetle but do no damage.
The boulder beetle bites you!
* * * LOW HITPOINT WARNING * * *
Okay, then.
As you read the scroll of teleportation, it crumbles to dust.
You feel strangely unstable.
The boulder beetle bites you but does no damage.
You feel better. The boulder beetle bites you.
* * * LOW HITPOINT WARNING * * *
The boulder beetle barely misses you.
Your surroundings suddenly seem different.
An orc warrior comes into view. It is wielding a +0 glaive.
Found a kite shield.
You see here a +0 kite shield.
Okay, then.
Okay, then.
You start removing your armour.
You continue taking off your orb of light.
Keep disrobing?
The orc warrior hits you from afar with a +0 glaive!
* * * LOW HITPOINT WARNING * * *
You continue taking off your orb of light.
The orc shouts!
The orc warrior hits you from afar with a +0 glaive!
You die...

# ......##### ..# .....#
#....###B#..#
###....#[#..#############
..###.......#............
....###.....#............
##....###.#.#............
.###....#.#.#............
............#...@.......#
###########.#..........#
.......o......#
.............##
.............#
.............#
...o........##
.o.o........#
......###.##


You could see an orc warrior, 2 orc wizards and an orc.

Vanquished Creatures
  2 centaur warriors (D:9)
  Pikel (D:7)
  Maggie (D:7)
  A meliai (D:9)
  6 yaks (D:9)
  3 chaos spawn (D:8)
  A steam dragon (D:9)
  Menkaure (D:6)
  Duvessa (D:5)
  3 water moccasins
  7 orc warriors
  2 sky beasts
  2 ogres
  2 phantoms (D:5)
  3 centaurs
  2 kobold brigands
  3 bullfrogs
  5 scorpions
  4 wights (D:8)
  Dowan (D:5)
  4 killer bees (D:8)
  A howler monkey (D:4)
  A gnoll bouda (D:4)
  8 orc priests
  7 hounds
  4 jellies
  An iguana (D:5)
  A sleepcap (D:3)
  9 orc wizards
  7 gnolls
  8 adders
  A worm (D:3)
  2 dart slugs
  39 orcs
  3 endoplasms
  4 giant cockroaches
  3 goblins
  9 hobgoblins
  6 jackals
  3 quokkas
  5 ball pythons
  5 bats
  4 frilled lizards
  12 kobolds
  6 rats
204 creatures vanquished.

Vanquished Creatures (collateral kills)
  Grum (D:8)
  4 wolves (D:8)
  Ijyb (D:3)
  A worm (D:3)
  An orc (D:8)
  A goblin (D:3)
  A bat (D:3)
  A rat (D:3)
11 creatures vanquished.

Vanquished Creatures (others)
  A meliai (D:9)
1 creature vanquished.

Grand Total: 216 creatures vanquished

Notes
Turn   | Place    | Note
-------+----------+-------------------------------------------
     0 | D:1      | Graphine the Hill Orc Monk began the quest for the Orb.
     0 | D:1      | Reached XP level 1. HP: 19/19 MP: 1/1
    48 | D:1      | Reached XP level 2. HP: 24/27 MP: 2/2
   455 | D:1      | Reached skill level 1 in Shields
   660 | D:1      | Reached skill level 1 in Armour
   770 | D:2      | Reached XP level 3. HP: 33/33 MP: 3/3
   856 | D:2      | Found an ornate altar of the Wu Jian Council.
   885 | D:2      | Found a faded altar of an unknown god.
   901 | D:2      | Prayed at the altar of an unknown god.
   901 | D:2      | Became a worshipper of Makhleb the Destroyer
   901 | D:2      | Reached * piety under Makhleb
   901 | D:2      | Reached ** piety under Makhleb
   974 | D:2      | Reached *** piety under Makhleb
  1519 | D:3      | Noticed Ijyb
  1529 | D:3      | Reached skill level 1 in Invocations
  1533 | D:3      | Killed Ijyb
  1534 | D:3      | Reached skill level 5 in Axes
  1534 | D:3      | Reached XP level 4. HP: 5/40 MP: 3/5
  1569 | D:3      | Found an iron altar of Okawaru.
  1771 | D:3      | Reached XP level 5. HP: 22/46 MP: 6/6
  2327 | D:3      | Reached XP level 6. HP: 52/53 MP: 8/8
  2695 | D:4      | Reached **** piety under Makhleb
  2775 | D:4      | Reached skill level 6 in Axes
  3225 | D:4      | Found a bloodstained altar of Trog.
  3493 | D:5      | Entered Level 5 of the Dungeon
  3524 | D:5      | Noticed Duvessa
  3524 | D:5      | Noticed Dowan
  3536 | D:5      | Killed Duvessa
  3537 | D:5      | Reached XP level 7. HP: 60/60 MP: 10/10
  3545 | D:5      | Reached skill level 5 in Fighting
  3550 | D:5      | Killed Dowan
  3551 | D:5      | Reached skill level 7 in Axes
  3551 | D:5      | Reached skill level 5 in Invocations
  3770 | D:5      | Reached XP level 8. HP: 66/68 MP: 12/12
  4101 | D:6      | Reached skill level 8 in Axes
  4358 | D:6      | Found a shimmering blue altar of Sif Muna.
  4667 | D:6      | Reached XP level 9. HP: 69/75 MP: 14/14
  4748 | D:6      | Reached skill level 9 in Axes
  4943 | D:6      | Noticed Menkaure
  4951 | D:6      | Killed Menkaure
  5544 | D:7      | Found a radiant altar of Vehumet.
  5548 | D:7      | Noticed Pikel
  5577 | D:7      | Killed Pikel
  5578 | D:7      | Reached skill level 10 in Axes
  5578 | D:7      | Reached skill level 5 in Armour
  5578 | D:7      | Reached skill level 5 in Shields
  5728 | D:7      | Noticed Maggie
  5739 | D:7      | Killed Maggie
  5878 | D:7      | Reached XP level 10. HP: 81/86 MP: 16/16
  6070 | D:7      | Reached ***** piety under Makhleb
  6155 | D:7      | Found a staircase to the Ecumenical Temple.
  6491 | D:8      | Noticed Grum
  6505 | D:8      | Killed Grum
  6510 | D:8      | Reached skill level 11 in Axes
  6530 | D:8      | Reached skill level 10 in Invocations
  7330 | D:8      | Found a shimmering altar of Xom.
  7330 | D:8      | Found the +7 mace of Variability {chaos, chaos arc}
  8203 | D:9      | Reached skill level 12 in Axes
  8208 | D:9      | Reached XP level 11. HP: 73/95 MP: 19/19
  8559 | D:9      | Noticed a centaur warrior
  8569 | D:9      | Killed a centaur warrior
  8788 | D:9      | Noticed a centaur warrior
  8792 | D:9      | Noticed a boulder beetle
  8801 | D:9      | Killed a centaur warrior
  8819 | D:9      | Slain by an orc warrior

Illustrated notes

Levels and vault maps discovered:
D:1:      eino_arrival_druids_welcome, layout_basic
D:2:      wad_lake_hut, layout_rooms, basic_altar,
          chequers_ecumenical_altar_simple, grunt_ministairs_4
D:3:      minmay_evil_eye, layout_loops_ring, nicolae_overflow_crystal_walls,
          grunt_ministairs_9, uniq_ijyb
D:4:      nicolae_cairo_tiling_large_dashed, layout_loops_ring,
          lemuel_doored_altar
D:5:      kennysheep_spiral_hall, layout_rooms, uniq_duvessa
D:6:      layout_basic, old_standard_altar, uniq_menkaure
D:7:      layout_loops_ring, overflow_temple_1_default,
          minmay_temple_entry_antechambers, serial_bayou_pond_b, uniq_pikel,
          uniq_maggie
D:8:      layout_loops_cross, nicolae_overflow_hidden_temple,
          minmay_guarded_unrand_variability, uniq_grum
D:9:      minmay_tri_box, layout_cave_pods, roderic_roman_lattice,
          nicolae_shop_i_like_small_books_too, kennysheep_generic_room_15

Skill      XL: |  1  2  3  4  5  6  7  8  9 10 11 |
---------------+----------------------------------+-----
Shields        | 1 2 3 4 5 6 7 |  7.0
Armour         | 1 2 3 4 5 6 7 |  7.1
Fighting       | 4 5 6 7 8 |  8.7
Invocations    | 1 2 3 4 5 7 9 11 | 11.7
Axes           | 5 6 7 8 10 12 | 12.5
Dodging        | |  2.4

Action                     |  1- 3 |  4- 6 |  7- 9 | 10-12 || total
---------------------------+-------+-------+-------+-------++-------
  Melee: Hand axe          |    94 |    70 |    33 |    46 ||   243
         Unarmed           |       |       |    11 |       ||    11
         War axe           |       |       |       |     3 ||     3
 Invoke: Lesser Servant of |     1 |       |       |     3 ||     4
         Minor Destruction |       |    76 |   174 |   217 ||   467
  Evoke: Wand              |       |       |       |     3 ||     3
    Use: Scroll            |     7 |     5 |     3 |     7 ||    22
         Potion            |       |     4 |     1 |     5 ||    10
   Stab: Distracted        |       |       |       |     1 ||     1
 Armour: Ring mail         |    13 |       |       |       ||    13
         Plate armour      |    48 |    82 |    93 |   124 ||   347
         Skin              |       |       |     1 |       ||     1
  Dodge: Dodged            |    29 |    30 |    29 |    53 ||   141
